Map: Crimson Research Lab LE

Players

Ekelpack

  • Race: Terran Terran
  • Spawn Location: 5:00

Nyck

  • Race: Protoss Protoss
  • Spawn Location: 5:00

hawk - Winner!

  • Race: Protoss Protoss
  • Spawn Location: 11:00

Heinie - Winner!

  • Race: Zerg Zerg
  • Spawn Location: 11:00

VOD

Have the link to the VOD?

Description

Time

  • Played on: April 1, 2025, 3:25 p.m.
  • Length: 10:49
Show
View Real Time Build Order
Export as new Build Order

Ekelpack Terran 

Build Orders:  

Get SALT Encoding   

  12  0:00  SCV  
  13  0:12  SCV  
  14  0:19  Supply Depot  
  14  0:24  SCV  
  15  0:44  SCV, Barracks  
  16  0:59  SCV  
  16  1:00  Refinery  
  17  1:11  SCV  
  18  1:24  SCV  
  19  1:34  Barracks  
  19  1:44  SCV  
  21  1:49  Refinery  
  21  1:55  Reaper  
  21  1:56  SCV  
  22  2:08  SCV  
  23  2:19  Supply Depot  
  23  2:23  Engineering Bay  
  23  2:24  Supply Depot  
  23  2:31  Barracks Tech Lab, Barracks Reactor  
  23  2:41  SCV  
  24  2:46  Barracks  
  24  2:47  Supply Depot  
  24  2:50  Barracks  
  24  2:54  Marauder  
  26  3:15  Marine x2  
  28  3:42  Barracks Reactor x2  
  28  3:46  Marine x2  
  28  3:47  Marauder  
  32  3:57  Combat Shield  
  32  4:02  Command Center  
  32  4:08  Marine  
  32  4:09  Marine  
  34  4:15  Terran Infantry Weapons Level 1  
  34  4:19  Marine  
  34  4:20  Marine  
  26  4:42  Marine  
  26  4:43  Marine x4  
  26  4:44  Marine  
  31  4:59  SCV  
  32  5:08  Marauder  
  34  5:16  Stimpack  
  34  5:19  SCV  
  35  5:27  Marine x3  
  35  5:28  Marine x3  
  40  5:31  SCV  
  42  5:45  Missile Turret  
  42  5:48  Supply Depot  
  44  5:50  Marauder  
  44  6:01  SCV  
  44  6:02  SCV  
  46  6:09  Terran Infantry Armor Level 1  
  44  6:20  Marine x4  
  44  6:21  Marine x2  
  44  6:22  Marauder  
  43  6:43  Marine x4  
  43  6:44  Marine x2  
  43  6:46  Marauder  
  51  6:51  SCV  
  51  6:52  SCV  
  53  6:56  Concussive Shells  
  53  7:04  SCV x2  
  49  7:16  Marine x4  
  49  7:17  Marine x2  
  49  7:18  Marauder  
  57  7:29  SCV x2  
  59  7:32  Supply Depot  
  55  7:41  SCV x2  
  53  7:53  SCV, Marauder  
  53  7:56  Supply Depot  
  56  8:06  Factory  
  56  8:10  Refinery  
  57  8:13  Orbital Command  
  57  8:15  Orbital Command  
  57  8:18  Marauder  
  49  8:37  Supply Depot  
  49  8:38  Marine  
  49  8:39  Marine x5  
  55  9:04  Command Center  
  55  9:06  Starport  
  55  9:07  Marine x5  
  55  9:08  Marine  
  61  9:17  Marine  
  62  9:24  Marine  
  62  9:25  Supply Depot, Marine x4  
  62  9:26  Marine  
  68  9:36  Armory  
  68  9:39  Marauder  
  70  9:47  Supply Depot  
  68  10:04  Barracks Tech Lab  
  46  10:19  Marine x2  
Show
View Real Time Build Order
Export as new Build Order

Nyck Protoss 

Build Orders:  

Get SALT Encoding   

  12  0:01  Probe  
  13  0:13  Probe  
  14  0:18  Pylon  
  14  0:23  Probe  
  15  0:32  Probe  
  15  0:39  Gateway  
  15  0:41  Probe  
  17  0:53  Probe  
  17  0:57  Gateway  
  18  1:05  Probe  
  18  1:11  Assimilator  
  19  1:17  Probe  
  20  1:20  Pylon  
  23  1:32  Probe  
  21  1:43  Cybernetics Core  
  21  1:49  Assimilator  
  21  1:51  Probe  
  22  1:57  Gateway  
  22  1:59  Gateway  
  22  2:03  Probe  
  22  2:06  Warp Gate  
  23  2:39  Probe  
  24  2:45  Stalker  
  24  2:46  Stalker x2  
  30  2:55  Pylon  
  30  3:02  Pylon, Probe  
  31  3:21  Probe  
  32  3:36  Probe  
  33  3:57  Twilight Council  
  33  4:08  Gateway  
  33  4:09  Gateway  
  33  4:10  Pylon  
  33  4:18  Probe  
  34  4:27  Stalker x2  
  34  4:28  Stalker x2  
  42  4:40  Blink  
  42  4:49  Nexus  
  42  4:56  Stalker  
  42  4:57  Stalker x2  
  42  4:58  Stalker  
  50  5:22  Stalker  
  50  5:23  Stalker  
  54  5:31  Pylon  
  54  5:33  Pylon  
  54  5:37  Pylon  
  52  6:12  Probe x2  
  52  6:15  Stalker  
  52  6:16  Stalker x2  
  60  6:20  Stalker x2  
  60  6:21  Stalker  
  54  6:51  Stalker  
  54  6:52  Stalker x3  
  54  6:53  Stalker  
  64  6:59  Probe x2  
  66  7:02  Stalker  
  66  7:23  Probe x2  
  52  7:45  Probe x2  
  54  7:57  Assimilator, Probe x2  
  56  7:59  Assimilator  
  56  8:16  Nexus, Probe x2  
  44  8:51  Pylon  
  44  8:59  Forge  
  44  9:01  Forge  
  44  9:03  Pylon  
  44  9:04  Gateway  
  44  9:05  Probe  
  44  9:06  Gateway, Probe  
  44  9:09  Gateway  
  46  9:13  Pylon  
  46  9:19  Probe x2  
  46  9:20  Assimilator  
  46  9:23  Assimilator  
  48  9:30  Probe  
  49  9:31  Probe  
  50  9:45  Probe  
  50  9:46  Probe x2  
  53  9:53  Probe  
  53  9:58  Probe  
  53  9:59  Probe  
  56  10:01  Stalker  
  56  10:03  Stalker x4  
  56  10:04  Stalker x3  
  69  10:30  Stalker  
  69  10:31  Stalker x5  
  69  10:32  Stalker x2  
Show
View Real Time Build Order
Export as new Build Order

hawk Protoss - Winner!

Build Orders:  

Get SALT Encoding   

  12  0:05  Probe  
  13  0:20  Pylon  
  13  0:25  Probe  
  13  0:33  Probe  
  15  0:43  Probe  
  16  0:55  Probe  
  17  1:07  Probe  
  18  1:11  Pylon  
  18  1:14  Forge  
  18  1:37  Nexus  
  18  1:53  Pylon  
  18  1:56  Probe  
  19  2:04  Probe  
  20  2:13  Probe, Photon Cannon  
  20  2:25  Probe  
  21  2:38  Probe  
  21  2:40  Gateway  
  22  2:45  Probe  
  22  2:46  Probe  
  24  2:51  Nexus  
  24  2:53  Probe  
  24  2:54  Probe  
  26  2:58  Assimilator  
  26  3:02  Assimilator  
  26  3:03  Probe  
  26  3:04  Probe  
  28  3:23  Probe  
  28  3:27  Probe  
  30  3:30  Assimilator  
  30  3:31  Probe  
  30  3:34  Assimilator  
  30  3:38  Cybernetics Core  
  30  3:39  Probe  
  32  3:41  Probe  
  33  3:52  Pylon  
  33  4:02  Probe, Pylon  
  33  4:05  Probe  
  35  4:10  Probe  
  35  4:13  Probe  
  35  4:15  Pylon  
  36  4:19  Probe  
  36  4:20  Probe  
  36  4:23  Probe  
  39  4:31  Probe  
  41  4:32  Assimilator, Probe  
  41  4:35  Probe  
  41  4:36  Assimilator  
  43  4:39  Stargate  
  43  4:41  Stargate  
  43  4:42  Probe  
  43  4:43  Stargate  
  43  4:44  Probe  
  45  4:50  Probe  
  45  4:57  Probe  
  45  4:58  Probe  
  48  5:08  Probe  
  48  5:09  Probe x2  
  51  5:20  Stargate  
  51  5:21  Probe x2  
  52  5:22  Probe  
  54  5:33  Probe x2  
  54  5:34  Probe  
  54  5:35  Void Ray x3  
  69  5:45  Probe  
  70  6:04  Photon Cannon  
  70  6:09  Photon Cannon  
  70  6:10  Photon Cannon  
  70  6:13  Photon Cannon  
  70  6:18  Void Ray  
  74  6:21  Pylon  
  74  6:24  Pylon  
  74  6:26  Pylon  
  74  6:35  Void Ray x2  
  82  6:40  Probe x3  
  82  6:45  Void Ray  
  85  6:52  Probe x2  
  91  7:14  Void Ray x3  
  99  7:28  Fleet Beacon  
  99  7:32  Pylon  
  99  7:35  Pylon  
  99  7:39  Pylon  
  99  7:41  Pylon  
  99  7:49  Void Ray  
  99  7:51  Shield Battery  
  107  7:52  Shield Battery, Probe x2  
  107  7:56  Void Ray  
  113  7:58  Void Ray  
  113  8:04  Void Ray  
  117  8:21  Nexus  
  117  8:24  Pylon  
  117  8:27  Pylon  
  120  8:30  Void Ray  
  120  8:39  Void Ray  
  120  8:58  Photon Cannon  
  120  8:59  Photon Cannon  
  120  9:01  Photon Cannon  
  120  9:03  Photon Cannon  
  120  9:04  Shield Battery  
  120  9:06  Shield Battery  
  120  9:07  Pylon  
  120  9:08  Pylon  
  120  9:12  Pylon  
  120  9:16  Carrier x3  
  138  9:32  Carrier  
Show
View Real Time Build Order
Export as new Build Order

Heinie Zerg - Winner!

Build Orders: Pool First 

Get SALT Encoding   

  12  0:06  Drone  
  13  0:15  Overlord  
  13  0:21  Drone  
  14  0:35  Spawning Pool  
  13  0:39  Drone  
  14  0:43  Drone  
  14  0:47  Drone  
  16  1:10  Hatchery  
  15  1:16  Drone  
  15  1:17  Drone  
  17  1:28  Queen  
  19  1:35  Extractor  
  18  1:40  Drone x2  
  18  1:41  Drone  
  21  2:03  Drone  
  21  2:04  Roach Warren  
  21  2:05  Overlord  
  21  2:24  Zergling x4  
  21  2:25  Queen, Zergling x2  
  26  2:40  Zergling x8  
  26  2:42  Zergling x2  
  31  2:46  Drone  
  31  2:49  Drone  
  33  2:58  Drone  
  33  2:59  Drone  
  35  3:23  Zergling x2  
  35  3:25  Overlord x2  
  35  3:26  Overlord  
  36  3:31  Extractor  
  34  3:48  Drone x4  
  36  3:49  Drone  
  39  3:59  Lair  
  39  4:09  Drone x3  
  43  4:10  Drone x4  
  43  4:15  Overlord x2  
  44  4:32  Zergling x6  
  44  4:33  Zergling x8  
  46  4:50  Roach x2  
  46  4:51  Roach  
  51  4:56  Metabolic Boost  
  51  5:03  Roach x2  
  55  5:12  Zergling x2  
  56  5:23  Queen  
  56  5:24  Queen  
  56  5:25  Zergling x6  
  56  5:26  Zergling x6  
  66  5:28  Hatchery  
  66  5:29  Zergling x4  
  68  5:51  Hatchery  
  68  5:54  Zergling x2, Roach x2  
  68  5:55  Roach x2  
  68  5:56  Zergling x2  
  68  5:57  Overlord x2  
  74  6:16  Zergling x2  
  74  6:17  Zergling x14  
  74  6:31  Roach x4  
  59  6:52  Roach x6  
  59  6:53  Roach x2  
  69  7:01  Drone  
  69  7:02  Drone  
  65  7:22  Evolution Chamber  
  64  7:23  Evolution Chamber  
  49  7:41  Roach x3  
  49  7:42  Roach x6  
  49  7:43  Roach x2  
  69  7:51  Zerg Ground Armor Level 1, Zerg Missile Weapons Level 1  
  69  7:53  Glial Reconstitution  
  69  7:56  Queen, Burrow  
  75  7:58  Roach x2  
  75  8:07  Roach x2  
  75  8:08  Roach x2  
  75  8:10  Roach x2  
  87  8:13  Roach  
  87  8:16  Extractor  
  87  8:17  Extractor  
  87  8:28  Hatchery  
  86  8:45  Drone x2  
  86  8:46  Drone x4  
  86  8:48  Overlord x2  
  92  8:51  Pneumatized Carapace  
  96  9:17  Roach x5  
  96  9:19  Zergling x2  
  103  9:27  Drone x4  
  103  9:28  Drone  
  108  9:35  Overlord  
  108  9:36  Overlord  
  108  9:46  Drone x4  
  111  10:06  Roach x17  
Tags
 
Add a new tag
Caveats
  • Supply blocks, unpowered buildings, or Contaminate may cause inaccurate times.
  • Supply counts are checked every 10 seconds.